 Dungeon Crawl Stone Soup version 0.21-a0-369-g397cdb2 (webtiles) character file.

15 Humpert the Ducker (level 2, 0/22 HPs)
             Began as a Demonspawn Gladiator on Oct 15, 2017.
             Slain by a ball python (2 damage)
             ... on level 1 of the Dungeon.
             The game lasted 00:00:48 (399 turns).

Humpert the Ducker (Demonspawn Gladiator)            Turns: 399, Time: 00:00:49

Health: 0/22       AC:  5    Str: 14    XL:     2   Next: 34%
Magic:  2/2        EV: 13    Int:  9    God:
Gold:   32         SH:  0    Dex: 14    Spells: 1/1 levels left

rFire    . . .     SeeInvis .   a - +0 long sword
rCold    . . .     Gourm    .   (no shield)
rNeg     . . .     Faith    .   b - +0 leather armour
rPois    .         Spirit   .   c - +0 helmet
rElec    .         Reflect  .   (no cloak)
rCorr    .         Harm     .   g - +0 pair of gloves
MR       .....                  (no boots)
Stlth    ++........             (no amulet)
HPRegen  0.07/turn              (no ring)
MPRegen  0.08/turn              (no ring)

@: no status effects
A: nightstalker 1
a: no special abilities


You were on level 1 of the Dungeon.
You were not hungry.

You visited 1 branch of the dungeon, and saw 1 of its levels.

You collected 32 gold pieces.

Inventory:

Hand Weapons
 a - a +0 long sword (weapon)
Missiles
 d - 3 throwing nets (quivered)
Armour
 b - a +0 leather armour (worn)
 c - a +0 helmet (worn)
 g - a +0 pair of gloves (worn)
Scrolls
 e - a scroll of amnesia {unknown}
Potions
 h - a potion of cancellation {unknown}
Comestibles
 f - a bread ration


   Skills:
 * Level 2.1 Fighting
 + Level 2.9 Long Blades
 - Level 1.7 Throwing
 * Level 0.6 Armour
 + Level 3.0 Dodging


You had one spell level left.
You didn't know any spells.

Dungeon Overview and Level Annotations

Branches:
Dungeon (1/15)

Altars:


Innate Abilities, Weirdness & Mutations

You are slightly more attuned to the shadows.


Message History

The leopard gecko is almost dead.
The giant cockroach barely misses you.
You riposte.
You hit the giant cockroach.
You kill the giant cockroach!
The leopard gecko misses you. The leopard gecko barely misses you.
You hit the leopard gecko.
You kill the leopard gecko!
Your Dodging skill increases to level 3!
You see here a leopard gecko corpse.
You now have 32 gold pieces (gained 7).
A ball python comes into view.
A hobgoblin comes into view.
The hobgoblin shouts!
The ball python hisses angrily.
The ball python bites you but does no damage.
The ball python closely misses you. The hobgoblin hits you.
* * * LOW HITPOINT WARNING * * *
The ball python bites you.
You die...

#+## #...## ##.....##
### ##.......## ##.##
#
##.........####..S##.#
.'.........+....@....#
##.........####g..####
##†......# ##.##
##.....#######.#
##.........##.#
##.######.##.# #.#
#.##.# #.# ####.##.#
##.###.......#


You could see a hobgoblin and a ball python.

Vanquished Creatures
  A leopard gecko (D:1)
  2 giant cockroaches (D:1)
  2 hobgoblins (D:1)
  A kobold (D:1)
  5 bats (D:1)
  2 frilled lizards (D:1)
  2 rats (D:1)
15 creatures vanquished.

Notes
Turn   | Place    | Note
-------+----------+-------------------------------------------
     0 | D:1      | Humpert the Demonspawn Gladiator began the quest for the Orb.
     0 | D:1      | Reached XP level 1. HP: 16/16 MP: 1/1
   342 | D:1      | Gained mutation: You are slightly more attuned to the shadows. [demonic ancestry]
   342 | D:1      | Reached XP level 2. HP: 21/22 MP: 2/2
   374 | D:1      | Reached skill level 3 in Dodging
   399 | D:1      | Slain by a ball python

Vault maps used:
D:1:      lordsloth_arrival_two_stooges, nemelex_diamond_rough_becter

Skill      XL: |  1  2 |
---------------+-------+-----
Dodging        | 3 |  3.0
Fighting       | |  2.1
Long Blades    | |  2.9
Throwing       | |  1.7
Armour         | |  0.6

Action                   || total
-------------------------++-------
Melee: Long sword        ||    40
Armor: Leather armour    ||    20
Dodge: Dodged            ||    32
       Rpst.: Long sword ||     7

Table legend:
 A = Spawn XP
 B = Non-spawn XP
 C = Spawn XP percentage of total XP
 D = Spawn monster count
 E = Non-spawn monster count
 F = Spawn count percentage of total count
 G = Total turns spent on level
                    A         B        C        D         E        F      G
               +---------+---------+-------+---------+---------+-------+---------
         Total |       0 |      22 |   0.0 |       0 |      15 |   0.0 |   399
               +---------+---------+-------+---------+---------+-------+---------
           D:1 |       0 |      22 |   0.0 |       0 |      15 |   0.0 |   399
               +---------+---------+-------+---------+---------+-------+---------
